cohdb
Replays
Latest Replays
All Replays
Popular Replays
Top Player Replays
Match Explorer
How It Works
Community
CoH3 Stats
Reddit
Sign in to upload your games and track your stats! →
Sign in with Steam
Match 43504127
Unlisted
Match 43504127
Overview
Messages
Build Orders
End
Vickers Machine Gun Team
Construct Section Command Post
Selects Air and Sea Battlegroup
Dingo Light Scout Car
Infantry Section
Grenade Package
Infantry Section
Construct Platoon Command Post
Selects Supply Surplus
Construct Field Infirmary
Forward Retreat Point
Humber Armored Car
Unlock Bishop Self-propelled Artillery
Selects UNKNOWN (223837)
killall
연습용돼지
PlayerUnknown
Positivity :)
memecho
LokiDoki
0
0
Comments
sign in to comment!
No comments posted yet!